 Dungeon Crawl Stone Soup version 0.28-a0-1233-g92def6ad0a (webtiles) character file.

Game seed: 4490883050063264815

53 Lekart the Skirmisher (level 3, -3/33 HPs)
             Began as a Draconian Chaos Knight on Dec 23, 2021.
             Was a Plaything of Xom.
             Slain by a gnoll (5 damage)
             ... on level 1 of the Dungeon.
             The game lasted 00:02:32 (1513 turns).

Lekart the Skirmisher (Draconian Chaos Knight)      Turns: 1513, Time: 00:02:32

Health: -3/33      AC:  5    Str: 14    XL:     3   Next: 64%
Magic:  3/3        EV: 12    Int: 12    God:    Xom [*.....]
Gold:   27         SH:  0    Dex: 12    Spells: 2/2 levels left

rFire   . . .      SeeInvis .   a - +0 hand axe (chaos)
rCold   . . .      Faith    .   (no shield)
rNeg    . . .      Spirit   .   (armour unavailable)
rPois   .          Reflect  .   (helmet restricted)
rElec   .          Harm     .   (no cloak)
rCorr   .          Rampage  .   (no gloves)
Will    .....                   (no boots)
Stlth   +.........              (no amulet)
HPRegen 0.11/turn               (no ring)
MPRegen 0.08/turn               (no ring)

@: no status effects
A: AC +5, unfitting armour, cold-blooded, antennae 1, stinger 1, evolution 2
a: Renounce Religion


You were on level 1 of the Dungeon.
You worshipped Xom.
You were a special plaything of Xom.
You visited 1 branch of the dungeon, and saw 2 of its levels.

You collected 27 gold pieces.

Inventory:

Hand Weapons
 a - a +0 hand axe of chaos (weapon)
Scrolls
 b - a scroll of identify {unknown}
 d - a scroll of immolation {unknown}
Potions
 c - a potion of attraction {unknown}


   Skills:
 + Level 4.0 Fighting
 + Level 3.8 Axes
 + Level 2.5 Dodging


You had 2 spell levels left.
You didn't know any spells.
Your spell library contained the following spells:

 Spells                   Type           Power      Damage    Failure   Level
 Sublimation of Blood     Necr           0%         N/A       45%         2
 Wereblood                Tmut           0%         N/A       45%         2
 Summon Hydra             Summ           0%         N/A       100%        7


Dungeon Overview and Level Annotations

Branches:
Dungeon (2/15)

Altars:
Xom


Innate Abilities, Weirdness & Mutations

Your plain brown scales are hard. (AC +5)
You cannot fit into any form of body armour.
You are cold-blooded and may be slowed by cold attacks.
You have a pair of small antennae on your head.
Your tail ends in a venomous barb.
You have great hidden genetic potential.


Message History

There is a stone staircase leading up here.
The gnoll closely misses you. The gnoll hits you with a +0 flail!
You climb upwards.
There is a stone staircase leading down here.
You closely miss the gnoll. The gnoll barely misses you.
The gnoll closely misses you.
You barely miss the gnoll. The gnoll closely misses you.
The gnoll barely misses you. The gnoll closely misses you.
You hit the gnoll.
The gnoll is poisoned.
You tail-slap the gnoll.
The gnoll is severely wounded.
The gnoll misses you.
The gnoll hits you from afar with a +0 spear.
You hit the gnoll. Lightning courses through the gnoll!
You kill the gnoll!
The gnoll closely misses you.
Your Fighting skill increases to level 4!
The gnoll hits you with a +0 spear.
Things that are here:
a +0 flail; a +0 spear; a gnoll corpse You hit the gnoll.
You burn the gnoll.
The gnoll is moderately wounded.
The gnoll hits you with a +0 spear.
You closely miss the gnoll.
The gnoll is moderately wounded.
The gnoll misses you.
You hit the gnoll.
The gnoll goes berserk!
Xom thinks this is hilarious!
The gnoll is moderately wounded.
The gnoll closely misses you. The gnoll hits you with a +0 spear.
You hit the gnoll.
The gnoll is heavily wounded.
The gnoll barely misses you.
You hit the gnoll.
You feel better.
The gnoll is severely wounded.
The gnoll hits you with a +0 spear. The gnoll hits you with a +0 spear!
* * * LOW HITPOINT WARNING * * *
You hit the gnoll but do no damage.
The gnoll is severely wounded.
The gnoll hits you with a +0 spear.
You die...

############# #≈≈≈≈≈≈≈≈≈≈≈#
########### #≈≈≈≈...≈≈≈≈#
#.........# #≈≈≈.....≈≈≈#
###........_#######≈≈.......≈≈#
...............g@>#≈≈.......≈≈#
.#..........##.####≈≈.......≈≈#
.#..........##.#.##≈...≈≈....≈#
............##.#.##≈...≈≈≈...≈#
.#..........##....#...≈<≈≈≈..≈#
.#........÷..####.#...≈≈≈.≈≈..#
.#...........# #.##..≈≈≈≈....#
.#...........# #.##.≈≈≈≈≈≈≈..#
.#...........####.#..≈.≈≈≈.≈≈.#


You could see a gnoll (berserk).

Vanquished Creatures
  2 gnolls (D:1)
  2 dart slugs
  5 ball pythons
  3 bats (D:1)
  3 endoplasms
  2 giant cockroaches (D:1)
  3 goblins
  2 hobgoblins (D:1)
  A kobold (D:1)
  3 frilled lizards
  3 rats
29 creatures vanquished.

Notes
Turn   | Place    | Note
-------+----------+-------------------------------------------
     0 | D:1      | Lekart the Draconian Chaos Knight began the quest for the
                  | Orb.
     0 | D:1      | Reached XP level 1. HP: 19/19 MP: 1/1
    87 | D:1      | XOM: potion effect (curing)
   161 | D:1      | XOM: silly message
   190 | D:1      | XOM: potion effect (brilliance)
   192 | D:1      | Reached XP level 2. HP: 26/26 MP: 2/2
   510 | D:1      | XOM: cloud trail
   540 | D:1      | XOM: divination: magic mapping
   668 | D:1      | Found a faded altar of an unknown god.
   756 | D:1      | XOM: give mutations
   756 | D:1      | Gained mutation: You have hidden genetic potential. [Xom's
                  | grace]
   756 | D:1      | Gained mutation: Your tail ends in a venomous barb. [Xom's
                  | grace]
   918 | D:1      | XOM: god gift: leather armour {god gift}
   997 | D:2      | XOM: confuse monster(s)
  1053 | D:2      | Reached XP level 3. HP: 33/33 MP: 3/3
  1055 | D:2      | XOM: butterfly on damage
  1141 | D:1      | XOM: scenery: create altars
  1242 | D:1      | Gained mutation: You have a pair of small antennae on your
                  | head. [hidden potential]
  1428 | D:1      | XOM: give mutation
  1428 | D:1      | Gained mutation: You have great hidden genetic potential.
                  | [Xom's grace]
  1507 | D:1      | Reached skill level 4 in Fighting
  1513 | D:1      | Slain by a gnoll

Illustrated notes

Levels and vault maps discovered:
D:1:      dpeg_arrival_more_subterranean_lakeside_camping, layout_basic,
          chequers_ecumenical_altar_grove
D:2:      layout_rooms

Skill      XL: |  1  2  3 |
---------------+----------+-----
Fighting       | 4 |  4.0
Axes           | |  3.8
Dodging        | |  2.5

Action                   || total
-------------------------++-------
Melee: Hand axe          ||    71
       Tailslap          ||     4
Armor: Skin              ||    14
Dodge: Dodged            ||    60

Table legend: (Time is in decaauts)
 A = Elapsed time spent in this place.
 B = Non-inter-level travel time spent in this place.
 C = Inter-level travel time spent in this place.
 D = Time resting spent in this place.
 E = Time spent auto-exploring this place.
 F = Levels seen in this place.
 G = Mean time per level.
                   A        B        C        D        E       F      G
               +--------+--------+--------+--------+--------+-----+--------+
         Total |   1525 |   1496 |     29 |    391 |    895 |   2 |  762.5 |
       Dungeon |   1525 |   1496 |     29 |    391 |    895 |   2 |  762.5 |
               +--------+--------+--------+--------+--------+-----+--------+

Top non-repeatable levels by time:
     D:1: 1414 daAuts
     D:2: 111 daAuts
